 Seeded DCSS version 0.30-a0-937-ga0a21ad780 (webtiles) character file.

Game seed: 14888120050964983059 (custom seed)

1528 Pimp the Stinger (level 8, 0/60 HPs)
             Began as a Barachi Venom Mage on Mar 24, 2023.
             Slain by an acid dragon (4 damage)
             ... on level 5 of the Dungeon.
             The game lasted 00:16:48 (5262 turns).

Pimp the Stinger (Barachi Venom Mage)               Turns: 5262, Time: 00:16:48

Health: 0/60       AC:  6    Str: 21    XL:     8   Next: 85%
Magic:  8/14       EV: 12    Int: 18    God:
Gold:   216        SH:  4    Dex: 12    Spells: 7/15 levels left

rFire   . . .      SeeInvis .    d - +0 short sword (spect)
rCold   + . .      Faith    .    r - +0 buckler of Icvegauv {rElec Str+5}
rNeg    . . .      Spirit   .    s - +0 leather armour
rPois   +          Reflect  .    e - +1 helmet
rElec   +          Rampage  .    (no cloak)
rCorr   .                        f - +0 pair of gloves
Will    .....                    p - +3 pair of mountain boots {steadfast, rC+}
Stlth   ++                       g - amulet of magic regeneration
HPRegen 0.30/turn                l - +6 ring of strength
MPRegen 0.54/turn                v - ring of poison resistance

@: corroded, very slightly contaminated, slow
A: amphibious, slowness 1, strong legs 1, +LOS
a: Hop


You were on level 5 of the Dungeon.
You visited 1 branch of the dungeon, and saw 5 of its levels.

You collected 216 gold pieces.

Inventory:

Hand Weapons
 d - a +0 spectral short sword (weapon)
Armour
 a - a +0 robe
 e - a +1 helmet (worn)
 f - a +0 pair of gloves (worn)
 p - the +3 pair of mountain boots (worn) {steadfast, rC+}
   (You acquired it on level 3 of the Dungeon)

   Steadfast: It prevents involuntary movement, except for blinking,
   teleportation, or banishment.
   rC:        It protects you from cold.
 r - the +0 buckler of Icvegauv (worn) {rElec Str+5}
   (You acquired it on level 3 of the Dungeon)

   Str:       It affects your strength (+5).
   rElec:     It insulates you from electricity.
 s - a +0 leather armour (worn)
Jewellery
 g - an amulet of magic regeneration (around neck)
 l - a +6 ring of strength (left hand)
 o - a ring of willpower
 v - a ring of poison resistance (right hand)
Wands
 t - a wand of digging (3)
Scrolls
 c - 2 scrolls of magic mapping
 h - 2 scrolls of silence
 i - a scroll of fog
 k - 2 scrolls of teleportation


   Skills:
 + Level 3.8 Fighting
 + Level 3.4 Short Blades
 + Level 3.6 Armour
 + Level 4.3 Dodging
 + Level 3.9 Stealth
 + Level 3.2 Shields
 + Level 4.0 Spellcasting
 + Level 3.9 Transmutations
 * Level 5.9 Poison Magic


You had 7 spell levels left.
You knew the following spells:

 Your Spells              Type           Power      Damage    Failure   Level
a - Sting                 Tmut/Pois      84%        1d7       3%          1
b - Olgreb's Toxic Radia  Pois           24%        N/A       21%         4
c - Ignite Poison         Fire/Tmut/Pois 15%        N/A       17%         3

Your spell library contained the following spells:

 Spells                   Type           Power      Damage    Failure   Level
 Poisonous Vapours        Pois/Air       28%        N/A       10%         2
 Cigotuvi's Dreadful Rot  Necr/Pois/Air  20%        N/A       16%         2
 Mephitic Cloud           Conj/Pois/Air  10%        N/A       30%         3
 Kindle Blastsparks       Fire/Tloc/Air  6%         2d10      54%         3
 Alistair's Intoxication  Tmut/Pois      14%        N/A       63%         5
 Borgnjor's Vile Clutch   Necr/Erth      1%         N/A       99%         5
 Freezing Cloud           Conj/Ice/Air   1%         6-21      99%         5
 Eringya's Noxious Bog    Tmut/Pois      10%        N/A       99%         6


Dungeon Overview and Level Annotations

Branches:
Dungeon (5/15)
 Temple: D:4-7

Altars:
Kikubaaqudgha
Qazlal
Sif Muna

Shops:
D:1 :   D:3 =


Innate Abilities, Weirdness & Mutations

You are amphibious.
You cover ground slowly.
You can hop short distances.
You have an extended range of vision and can be seen from far away.


Message History

Your toxic radiance grows in intensity.
The acid dragon spits acid at you. The splash of acid misses you.
The acid dragon barely misses you.
The acid dragon claws you but does no damage.
You hit the acid dragon but do no damage.
Your +0 spectral short sword closely misses the acid dragon.
Your toxic aura wanes.
The acid dragon bites you.
The acid dragon claws you but does no damage.
You hit the acid dragon.
The acid dragon is lightly wounded.
Your +0 spectral short sword barely misses the acid dragon.
The acid dragon spits acid at you. The splash of acid hits you!
* * * LOW HITPOINT WARNING * * *
You aren't carrying any potions.
Okay, then.
You closely miss the acid dragon.
The acid dragon is lightly wounded.
Your +0 spectral short sword barely misses the acid dragon.
You block the acid dragon's attack. The acid dragon barely misses you.
You closely miss the acid dragon.
The acid dragon is lightly wounded.
Your +0 spectral short sword hits the acid dragon.
The acid dragon barely misses you. x2
You hit the acid dragon but do no damage.
The acid dragon is lightly wounded.
Your +0 spectral short sword hits the acid dragon.
You closely miss the acid dragon.
The acid dragon is lightly wounded.
Your +0 spectral short sword hits the acid dragon but does no damage.
The acid dragon bites you!
* * * LOW HITPOINT WARNING * * *
The acid dragon claws you but does no damage.
You barely miss the acid dragon.
The acid dragon is lightly wounded.
Your +0 spectral short sword barely misses the acid dragon.
You block the acid dragon's attack. The acid dragon claws you.
You die...

,,,,,***§§§≈§≈~,,≈≈≈§§≈≈#*#......
,,,,,**~§§≈≈§≈~,,§≈≈≈§§§≈*#......
,,,,,+*~§≈≈§≈≈§,,≈≈≈§≈≈≈§*#......
,,,,,,*~≈§§§≈§.,,.≈§≈≈≈§§##...###
,,,,,,+,..§....**....§§..'.#####.
,,,,,,+,§§§§...##........§.....#.
,,,,,,*~≈§≈≈≈≈.!?.≈≈§≈§§≈#.....#.
,,,,,,*~≈≈§≈§≈≈(D≈≈≈≈§≈≈≈#..##.#.
,,,,,,*~≈≈§§≈§§.@≈≈§≈§≈≈≈#.)#####
,,,,,,**§§≈≈≈§≈..≈§≈≈≈≈§##......#
,,,,,,,*#§§§≈≈≈.)≈≈≈≈§≈##+......#
,,,,,,,,##§≈≈§≈..≈≈≈§≈##,#.###..#
,,,,,****##≈≈§§§§§≈≈§#########..#
,,,,,*,,,,##≈≈≈..≈≈≈##.'....#...'
,,,,,*,,,,,####§'####..#....#...#
,,,,,*,,**+*#.......######.##..##
,,,,,**+**,,#......##..###.##..#.


You could see an acid dragon and a friendly +0 spectral short sword (summoned).

Vanquished Creatures
  A two-headed ogre (D:5)
  A black bear (D:4)
  An ice beast (D:5)
  An ogre (D:5)
  2 phantoms (D:4)
  Blork the orc (D:5)
  A scorpion (D:5)
  2 jellies
  An orc priest (D:3)
  3 iguanas (D:4)
  2 sleepcaps (D:5)
  3 gnolls (D:4)
  3 adders
  3 white imps (D:4)
  2 ufetubi (D:4)
  A worm (D:3)
  7 dart slugs
  8 orcs
  3 bats
  5 endoplasms
  6 giant cockroaches
  7 goblins
  4 hobgoblins
  4 jackals
  8 kobolds
  4 quokkas
  7 ball pythons
  3 frilled lizards
  4 rats
98 creatures vanquished.

Vanquished Creatures (others)
  3 demonic plants (D:4)
3 creatures vanquished.

Grand Total: 101 creatures vanquished

Notes
Turn   | Place    | Note
-------+----------+-------------------------------------------
     0 | D:1      | Pimp the Barachi Venom Mage began the quest for the Orb.
     0 | D:1      | Reached XP level 1. HP: 13/13 MP: 3/3
   186 | D:1      | Found Fitz's Book Shoppe.
   226 | D:1      | Reached XP level 2. HP: 17/19 MP: 1/5
   617 | D:1      | Found a faded altar of an unknown god.
   637 | D:1      | Reached XP level 3. HP: 14/25 MP: 1/6
  1094 | D:2      | Identified the +2 dagger of Fragile Peace {drain, rN+++
                  | Str+3 Int-3 Dex-3}
  1327 | D:2      | Reached skill level 1 in Fighting
  1880 | D:2      | Reached XP level 4. HP: 32/32 MP: 7/7
  2166 | D:3      | Identified 3 scrolls of acquirement
  2166 | D:3      | Acquired the +0 buckler of Icvegauv {rElec Str+5}
  2167 | D:3      | Acquired the +3 pair of mountain boots {steadfast, rC+}
  2167 | D:3      | Found the +3 pair of mountain boots {steadfast, rC+}
  2168 | D:3      | Acquired Great Wizards, Vol. II
  2187 | D:3      | Learned a level 4 spell: Olgreb's Toxic Radiance
  2226 | D:3      | Found Irhayteu's Jewellery Boutique.
  2339 | D:3      | Reached skill level 1 in Short Blades
  2339 | D:3      | Reached skill level 1 in Armour
  2424 | D:3      | Reached XP level 5. HP: 37/37 MP: 9/9
  2843 | D:4      | Noticed a black bear
  2870 | D:4      | Killed a black bear
  2871 | D:4      | Reached skill level 1 in Shields
  2871 | D:4      | Reached XP level 6. HP: 12/44 MP: 8/10
  3098 | D:4      | Reached skill level 4 in Poison Magic
  3559 | D:4      | Found a stormy altar of Qazlal.
  3564 | D:4      | Reached XP level 7. HP: 43/51 MP: 9/11
  3766 | D:4      | Learned a level 3 spell: Ignite Poison
  4371 | D:4      | Found an ancient bone altar of Kikubaaqudgha.
  4443 | D:5      | Entered Level 5 of the Dungeon
  4631 | D:5      | Found a shimmering blue altar of Sif Muna.
  4808 | D:5      | Noticed Blork the orc
  4814 | D:5      | Killed Blork the orc
  4815 | D:5      | Reached skill level 5 in Poison Magic
  4815 | D:5      | Reached XP level 8. HP: 45/58 MP: 1/13
  5148 | D:5      | Noticed a two-headed ogre
  5159 | D:5      | Killed a two-headed ogre
  5262 | D:5      | Slain by an acid dragon

Illustrated notes

Levels and vault maps discovered:
D:1:      elethiomel_arrival_maze, layout_loops_ring, serial_shops,
          nicolae_lakefront_shop, hellmonk_ecumenical_altar_arch_garden,
          nicolae_concentric_dashed_squares_mild
D:2:      layout_basic
D:3:      layout_basic, serial_shops, nicolae_shop_stone
D:4:      minmay_chambers_of_threes, layout_loops_corners,
          mainiacjoe_overflow_surrounded_room, kiku_gazebo_garden_becter,
          serial_demonic, serial_demonic_c, serial_demonic_b, serial_demonic_e,
          serial_demonic_e, kennysheep_nondescript
D:5:      kennysheep_big_flooded_room, layout_gridville, lemuel_tele_altar,
          uniq_pikel, uniq_blork_the_orc

Skill      XL: |  1  2  3  4  5  6  7  8 |
---------------+-------------------------+-----
Stealth        | 2 3 |  3.9
Fighting       | 1 2 3 |  3.8
Transmutations | 2 3 |  3.9
Short Blades   | 1 2 3 |  3.4
Armour         | 1 2 3 |  3.6
Dodging        | 3 4 |  4.3
Shields        | 1 2 3 |  3.2
Poison Magic   | 4 5 |  5.9
Spellcasting   | 3 4 |  4.0

Action                     |  1- 3 |  4- 6 |  7- 9 || total
---------------------------+-------+-------+-------++-------
  Melee: Short sword       |    71 |   180 |   161 ||   412
         Punch             |     2 |       |       ||     2
   Cast: Sting             |    47 |    28 |    11 ||    86
         Olgreb's Toxic Ra |       |     2 |     5 ||     7
         Ignite Poison     |       |       |     7 ||     7
    Use: Scroll            |     3 |     6 |     7 ||    16
         Potion            |       |     7 |       ||     7
   Stab: Sleeping          |     1 |     7 |       ||     8
         Invisible         |       |     3 |       ||     3
         Distracted        |       |       |     2 ||     2
 Armour: Robe              |    29 |    58 |    18 ||   105
         Leather armour    |       |       |    37 ||    37
  Dodge: Dodged            |    75 |   133 |    87 ||   295
  Block: Buckler           |       |    23 |    29 ||    52

Table legend: (Time is in decaauts)
 A = Elapsed time spent in this place.
 B = Non-inter-level travel time spent in this place.
 C = Inter-level travel time spent in this place.
 D = Time resting spent in this place.
 E = Time spent auto-exploring this place.
 F = Levels seen in this place.
 G = Mean time per level.
                   A        B        C        D        E       F      G
               +--------+--------+--------+--------+--------+-----+--------+
         Total |   5885 |   5720 |    165 |    813 |   3660 |   5 | 1177.0 |
       Dungeon |   5885 |   5720 |    165 |    813 |   3660 |   5 | 1177.0 |
               +--------+--------+--------+--------+--------+-----+--------+

Top non-repeatable levels by time:
     D:4: 1901 daAuts
     D:2: 1298 daAuts
     D:1: 1167 daAuts
     D:5: 869 daAuts
     D:3: 648 daAuts
